 Dungeon Crawl Stone Soup version 0.29.1-12-g30fa7ad0bf (webtiles) character file.

Game seed: 16382234051358209153

4 wormed the Caller (level 1, 0/13 HPs)
             Began as a Gnoll Summoner on Dec 26, 2022.
             Killed from afar by a dart slug (5 damage)
             ... with a slug dart
             ... on level 1 of the Dungeon.
             The game lasted 00:00:47 (282 turns).

wormed the Caller (Gnoll Summoner)                   Turns: 282, Time: 00:00:48

Health: 0/13       AC:  3    Str:  7    XL:     1   Next: 70%
Magic:  4/6        EV: 13    Int: 14    God:
Gold:   0          SH:  0    Dex: 12    Spells: 8/9 levels left

rFire   . . .      SeeInvis .   (no weapon)
rCold   . . .      Faith    .   (no shield)
rNeg    . . .      Spirit   .   a - +0 robe
rPois   .          Reflect  .   (no helmet)
rElec   .          Harm     .   (no cloak)
rCorr   .          Rampage  .   (no gloves)
Will    .....                   d - +0 pair of boots
Stlth   ++........              (no amulet)
HPRegen 0.04/turn               (no ring)
MPRegen 0.10/turn               (no ring)

@: no status effects
A: fangs 1, strong nose, distributed training
a: no special abilities


You were on level 1 of the Dungeon.
You visited 1 branch of the dungeon, and saw 1 of its levels.

Inventory:

Armour
 a - a +0 robe (worn)
 d - a +0 pair of boots (worn)
Scrolls
 e - a scroll of identify {unknown}
 f - a scroll of summoning {unknown}
Potions
 b - a potion of magic
 c - a potion of invisibility {unknown}


   Skills:
 + Level 0.1 Fighting
 + Level 0.1 Short Blades
 + Level 0.1 Long Blades
 + Level 0.1 Axes
 + Level 0.1 Maces & Flails
 + Level 0.1 Polearms
 + Level 0.1 Staves
 + Level 0.1 Ranged Weapons
 + Level 0.1 Throwing
 + Level 0.1 Armour
 + Level 4.4 Dodging
 + Level 4.0 Stealth
 + Level 0.1 Shields
 + Level 0.1 Unarmed Combat
 + Level 4.9 Spellcasting
 + Level 0.1 Conjurations
 + Level 0.1 Hexes
 + Level 7.0 Summonings
 + Level 0.1 Necromancy
 + Level 0.1 Translocations
 + Level 0.1 Transmutations
 + Level 0.1 Fire Magic
 + Level 0.1 Ice Magic
 + Level 0.1 Air Magic
 + Level 0.1 Earth Magic
 + Level 0.1 Poison Magic
 + Level 0.2 Invocations
 + Level 0.1 Evocations


You had 8 spell levels left.
You knew the following spells:

 Your Spells              Type           Power      Damage    Failure   Level
a - Summon Small Mammal   Summ           92%        N/A       1%          1

Your spell library contained the following spells:

 Spells                   Type           Power      Damage    Failure   Level
 Call Imp                 Summ           23%        N/A       1%          2
 Call Canine Familiar     Summ           23%        N/A       3%          3
 Summon Guardian Golem    Hex/Summ       13%        N/A       12%         3
 Summon Lightning Spire   Summ/Air       13%        N/A       38%         4


Dungeon Overview and Level Annotations

Branches:
Dungeon (1/15)

Altars:


Innate Abilities, Weirdness & Mutations

You have very sharp teeth.
Your uncanny sense of smell can sniff out nearby items.
Your experience applies equally to all skills.


Message History

Your bat hits the dart slug but does no damage.
The dart slug briefly extends its eye-stalks.
The dart slug launches a dart at you. The slug dart hits you.
Your bat hits the dart slug but does no damage.
Your bat hits the dart slug.
Your bat hits the dart slug but does no damage.
The dart slug barely misses your bat.
Your rat bites the dart slug.
Your bat hits the dart slug.
Your bat hits the dart slug but does no damage. x2
The dart slug launches a dart at you. The slug dart misses your bat.
The slug dart hits you.
Your rat bites the dart slug.
Your bat hits the dart slug.
Casting: Summon Small Mammal (safe; 1% risk of failure)
Confirm with . or Enter, or press ? or * to list all spells.
Your bat disappears in a puff of smoke!
Your rat bites the dart slug but does no damage.
The dart slug barely misses your rat.
Your rat bites the dart slug but does no damage.
You start resting.
A slug dart appears from out of your range of vision.
The slug dart hits your rat.
Your rat dies!
Your rat's corpse disappears in a puff of smoke!
You start resting.
A slug dart appears from out of your range of vision.
The slug dart hits your quokka.
Your quokka bites the dart slug.
The dart slug launches a dart at your quokka.
The slug dart hits your quokka.
Your quokka dies!
Your quokka's corpse disappears in a puff of smoke!
The dart slug launches a dart at you. The slug dart misses you.
A dart slug is nearby!
Casting: Summon Small Mammal (safe; 1% risk of failure)
Confirm with . or Enter, or press ? or * to list all spells.
The dart slug launches a dart at you. The slug dart hits you.
You die...

#.>##...>##....##
.#.###...###r..w.#
.#..#....##...##.#
.#.##...###.w# #.#
.#.#....##...
#.#######.#
.#.#...###...
#..........
.###..###..h
#..######.#
.#.'...##..h #..#
...##..# ∆
#@.######.#
.#######∆
#.........# .#
..#####b##########
##
#........r........
#######.##########
#.# ##### #.#
########...####.#
###....).)†#......#


You could see a dart slug (ally target) and a friendly bat (summoned).

Vanquished Creatures (collateral kills)
  A ball python (D:1)
  An endoplasm (D:1)
  A goblin (D:1)
  2 kobolds (D:1)
5 creatures vanquished.

Notes
Turn   | Place    | Note
-------+----------+-------------------------------------------
     0 | D:1      | wormed the Gnoll Summoner began the quest for the Orb.
     0 | D:1      | Reached XP level 1. HP: 13/13 MP: 6/6
   282 | D:1      | Killed from afar by a dart slug

Illustrated notes

Levels and vault maps discovered:
D:1:      dpeg_arrival_long_road, layout_loops_ring

Action                   || total
-------------------------++-------
 Cast: Summon Small Mamm ||    18
Dodge: Dodged            ||     4
